 Dungeon Crawl Stone Soup version 0.28-a0-674-gdaf460b524 (webtiles) character file.

Game seed: 11915714091076651892

24 andesha the Digger (level 3, -26/19 HPs)
             Began as a Gargoyle Earth Elementalist on Oct 17, 2021.
             Killed by an exploding jackal (31 damage)
             ... ignited by their inner flame
             ... on level 2 of the Dungeon on Oct 18, 2021.
             The game lasted 00:04:09 (1131 turns).

andesha the Digger (Gargoyle Earth Elementalist)    Turns: 1131, Time: 00:04:10

Health: -26/19     AC:  5    Str: 11    XL:     3   Next: 2%
Magic:  5/6        EV: 11    Int: 16    God:
Gold:   64         SH:  0    Dex: 10    Spells: 6/7 levels left

rFire   . . .      SeeInvis .   g - +0 mace
rCold   . . .      Faith    .   (no shield)
rNeg    + . .      Spirit   .   b - +0 robe
rPois   ∞          Reflect  .   (no helmet)
rElec   +          Harm     .   (no cloak)
rCorr   .          Rampage  .   (no gloves)
Will    .....                   (no boots)
Stlth   ++........              (no amulet)
HPRegen 0.06/turn               (no ring)
MPRegen 0.10/turn               (no ring)

@: no status effects
A: sickness immunity, AC +3, negative energy resistance 1, electricity
resistance, torment resistance 1, petrification resistance
a: no special abilities


You were on level 2 of the Dungeon.
You visited 1 branch of the dungeon, and saw 2 of its levels.

You collected 64 gold pieces.

Inventory:

Hand Weapons
 g - a +0 mace (weapon)
Missiles
 c - 38 stones (quivered)
Armour
 b - a +0 robe (worn)
Scrolls
 a - a scroll of teleportation {unknown}
 d - a scroll of magic mapping {unknown}
 f - a scroll of immolation
 h - a scroll of amnesia {unknown}
 l - a scroll of identify
Potions
 i - a potion of cancellation {unknown}
 j - a potion of lignification {unknown}
 k - a potion of ambrosia {unknown}
 m - a potion of invisibility {unknown}


   Skills:
 - Level 1.5 Dodging
 - Level 2.1 Stealth
 + Level 0.4 Unarmed Combat
 + Level 2.6 Spellcasting
 + Level 0.7 Transmutations
 + Level 4.2 Earth Magic


You had 6 spell levels left.
You knew the following spells:

 Your Spells              Type           Power      Damage    Failure   Level
a - Sandblast             Erth           30%        2d9       3%          1

Your spell library contained the following spells:

 Spells                   Type           Power      Damage    Failure   Level
 Passwall                 Tmut/Erth      8%         N/A       11%         2
 Stone Arrow              Conj/Erth      16%        3d8       24%         3
 Petrify                  Tmut/Erth      10%        N/A       56%         4


Dungeon Overview and Level Annotations

Branches:
Dungeon (2/15)

Altars:

Annotations:
D:2 Terence


Innate Abilities, Weirdness & Mutations

You are immune to sickness and miasma.
Your stone body is resilient. (AC +3)
You are immune to poison.
You resist negative energy. (rN+)
You are resistant to electric shocks. (rElec)
You are resistant to unholy torment.
You are immune to petrification.


Message History

Confirm with . or Enter, or press ? or * to list all spells.
Aiming: Sandblast (safe; 3% risk of failure)
Press: ? - help, Shift-Dir - straight line, f - jackal
Aim: a jackal (74% to hit)
The blast of sand hits the jackal.
You kill the jackal!
c - 39 stones Terence the Incautious comes into view.
He is wielding a +0 short sword.
The dart slug launches a dart at you. The slug dart hits you.
You have reached level 3!
Your experience leads to an increase in your attributes!
Increase (S)trength, (I)ntelligence, or (D)exterity?
You feel clever.
As you read the scroll labelled SYITUT YJOSMA, it crumbles to dust.
The creatures around you are filled with an inner flame!
It was a scroll of immolation.
The jackal misses you. The jackal bites you.
As you read the scroll labelled QIKYATWATS, it crumbles to dust.
It is a scroll of identify.
e - a potion of magic The jackal bites you.
* * * LOW HITPOINT WARNING * * *
The jackal bites you but does no damage.
Magic courses through your body.
The jackal bites you but does no damage.
The jackal barely misses you. x2
The jackal bites you but does no damage.
Casting: Sandblast (safe; 3% risk of failure)
Confirm with . or Enter, or press ? or * to list all spells.
Aiming: Sandblast (safe; 3% risk of failure)
Press: ? - help, Shift-Dir - straight line, f - jackal
Aim: a jackal (inner flame, 74% to hit)
The blast of sand hits the jackal!
c - 38 stones The jackal explodes!
The fiery explosion engulfs the jackal!!
The fiery explosion engulfs the dart slug!
The fiery explosion engulfs you!!
Ouch! That really hurt!
You die...

...........
..........
..........
...@.... #
#.).....#
#..).#.# ##§§§g.#
#.§§§## ..
##.#@.## ... #
##..## #.# ##..#
#..#### ####...#
#..#.## ##.#....#
#....# +......##
# #..## ##....##
# #...###...###
#######.#..#....#


You could see Terence (inner flame) and a hobgoblin (inner flame).

Vanquished Creatures
  2 dart slugs
  A ball python (D:1)
  3 endoplasms
  3 hobgoblins (D:1)
  4 jackals (D:2)
  3 bats
  A frilled lizard (D:1)
  6 kobolds
  A rat (D:2)
24 creatures vanquished.

Notes
Turn   | Place    | Note
-------+----------+-------------------------------------------
     0 | D:1      | andesha the Gargoyle Earth Elementalist began the quest for
                  | the Orb.
     0 | D:1      | Reached XP level 1. HP: 10/10 MP: 3/3
   451 | D:1      | Reached XP level 2. HP: 15/15 MP: 1/5
   580 | D:1      | Found a faded altar of an unknown god.
   588 | D:1      | Reached skill level 4 in Earth Magic
  1127 | D:2      | Noticed Terence
  1128 | D:2      | Reached XP level 3. HP: 8/19 MP: 0/6
  1131 | D:2      | Killed by an exploding jackal... ignited by their inner
                  | flame

Illustrated notes

Levels and vault maps discovered:
D:1:      saegor_arrival_simple_d, layout_loops_ring,
          hellmonk_ecumenical_altar_pennies_from_heaven, chequers_avenue
D:2:      layout_basic, minmay_fractal_squares_gapless_5, uniq_terence

Skill      XL: |  1  2 |
---------------+-------+-----
Earth Magic    | 4 |  4.2
Dodging        | |  1.5
Stealth        | |  2.1
Unarmed Combat | |  0.4
Spellcasting   | |  2.6
Transmutations | |  0.7

Action                   || total
-------------------------++-------
Melee: Unarmed           ||    16
       Mace              ||     2
 Cast: Sandblast         ||    27
  Use: Scroll            ||     2
       Potion            ||     1
Armor: Robe              ||    17
Dodge: Dodged            ||    20

Table legend: (Time is in decaauts)
 A = Elapsed time spent in this place.
 B = Non-inter-level travel time spent in this place.
 C = Inter-level travel time spent in this place.
 D = Time resting spent in this place.
 E = Time spent auto-exploring this place.
 F = Levels seen in this place.
 G = Mean time per level.
                   A        B        C        D        E       F      G
               +--------+--------+--------+--------+--------+-----+--------+
         Total |   1135 |   1115 |     20 |    175 |    718 |   2 |  567.5 |
       Dungeon |   1135 |   1115 |     20 |    175 |    718 |   2 |  567.5 |
               +--------+--------+--------+--------+--------+-----+--------+

Top non-repeatable levels by time:
     D:1: 924 daAuts
     D:2: 211 daAuts
